 Dungeon Crawl Stone Soup version 0.22-a0-776-ge6d7efa (webtiles) character file.

794108 Ijustatesigmund the Honourless (level 27, -2/201 HPs)
             Began as an Octopode Fighter on July 13, 2018.
             Was a High Priest of the Shining One (penitent).
             Engulfed by a cloud of flame (4 damage)
             ... on level 24 of a ziggurat on July 18, 2018.
             The game lasted 05:38:57 (70518 turns).

Ijustatesigmund the Honourless (Octopode Fighter)  Turns: 70518, Time: 05:38:59

Health: -2/201     AC: -2    Str: 26    XL:     27
Magic:  17/39      EV: 30    Int: 40    God:    the Shining One [*]
Gold:   2444       SH: 33    Dex: 18    Spells: 0/40 levels left

rFire    + + .     SeeInvis +   s - +9 broad axe (holy)
rCold    + . .     Gourm    .   k - +18 shield of the Gong {rElec rN+ MR+ EV-5}
rNeg     + + +     Faith    .   n - +0 hat of the Farrier {rF+ Int+7 Dex-4}
rPois    +         Spirit   .   m - amulet of Vitality {Regen+ HP+15}
rElec    +         Reflect  .   e - +6 ring of protection
rCorr    +         Harm     .   f - ring "Diojaora" {+Blink rElec Str+3 Int+4 Stlth+}
MR       +++++                  Y - ring of the Mage {Wiz MR++ Int+3}
Stlth    +++++++++.             I - +4 ring of protection
HPRegen  0.83/turn              F - ring "Allonol" {rCorr Str+4 Int+6 Dex-3}
MPRegen  0.26/turn              B - ring of the Priest {MR+ Int+6 Dex+4}
                                Z - +5 ring of slaying
                                V - +6 ring of evasion

@: lethally poisoned (-2 -> -8), resistant, corroded, slightly contaminated,
studying Charms, deflect missiles
A: almost no armour, stealthy swim, amphibious, 8 rings, constrict 8, iridescent
scales 1, camouflage 1, see invisible, agile 1, clever 1, frail 1, shaggy fur 1,
gelatinous body 1
}: 3/15 runes: serpentine, barnacled, silver
a: Renounce Religion, Evoke Blink


You were on level 24 of a ziggurat.
You worshipped the Shining One.
The Shining One was demanding penance.
You were hungry.

You visited 10 branches of the dungeon, and saw 48 of its levels.
You visited the Abyss 2 times.
You visited 1 ziggurat, and saw 24 of its levels.
You also visited: Labyrinth and Desolation.

You collected 8279 gold pieces.
You spent 5835 gold pieces at shops.

Inventory:

Hand Weapons
 s - a +9 broad axe of holy wrath (weapon)
 R - the +5 war axe "Husidd" {speed, rC- Str+5}
   (You found it on level 5 of the Lair of Beasts)

   Attacks with this weapon are significantly faster.
   It affects your strength (+5).
   It makes you vulnerable to cold.
Missiles
 u - 14 javelins of penetration (quivered)
 O - 16 steel javelins
Armour
 b - the +2 shield of Resistance {rF+ rC+ MR+}
   (You found it on level 18 of a ziggurat)

   It protects you from fire.
   It protects you from cold.
   It affects your resistance to hostile enchantments.
 k - the +18 shield of the Gong (worn) {rElec rN+ MR+ EV-5}
   (You found it on level 21 of a ziggurat)

   It affects your evasion (-5).
   It insulates you from electricity.
   It protects you from negative energy.
   It affects your resistance to hostile enchantments.
 n - the +0 hat of the Farrier (worn) {rF+ Int+7 Dex-4}
   (You acquired it on level 3 of the Crypt)

   It affects your intelligence (+7).
   It affects your dexterity (-4).
   It protects you from fire.
Jewellery
 a - the ring "Pimetir" {rC+ Int+6 Dex+4}
   (You bought it in a shop on level 5 of the Vaults)

   [ring of intelligence]

   It affects your intelligence (+6).
   It affects your dexterity (+4).
   It protects you from cold.
 e - a +6 ring of protection (left tentacle)
 f - the ring "Diojaora" (right tentacle) {+Blink rElec Str+3 Int+4 Stlth+}
   (You found it on level 4 of the Depths)

   [ring of stealth]

   It affects your strength (+3).
   It affects your intelligence (+4).
   It insulates you from electricity.
   It lets you blink.
   It makes you more stealthy.
 m - the amulet of Vitality (around mantle) {Regen+ HP+15}
   (You bought it in a shop on level 2 of the Orcish Mines)

   [amulet of regeneration]

   It affects your health (+15).
   It increases your rate of regeneration.
 x - the ring "Taonukh" {rF+ rC+ Str-2 Dex+3}
   (You found it on level 12 of a ziggurat)

   [ring of dexterity]

   It affects your strength (-2).
   It affects your dexterity (+3).
   It protects you from fire.
   It protects you from cold.
 y - an uncursed amulet of guardian spirit {unknown}
 B - the ring of the Priest (on tentacle) {MR+ Int+6 Dex+4}
   (You acquired it on level 3 of the Lair of Beasts)

   [ring of protection from magic]

   It affects your intelligence (+6).
   It affects your dexterity (+4).
   It affects your resistance to hostile enchantments.
 F - the ring "Allonol" (on tentacle) {rCorr Str+4 Int+6 Dex-3}
   (You found it on level 18 of a ziggurat)

   [ring of resist corrosion]

   It affects your strength (+4).
   It affects your intelligence (+6).
   It affects your dexterity (-3).
 I - a +4 ring of protection (on tentacle)
 V - a +6 ring of evasion (on tentacle)
 Y - the ring of the Mage (on tentacle) {Wiz MR++ Int+3}
   (You found it on level 3 of a ziggurat)

   [ring of wizardry]

   It improves your spell success rate.
   It affects your intelligence (+3).
   It affects your resistance to hostile enchantments.
 Z - a +5 ring of slaying (on tentacle)
Wands
 h - a wand of enslavement (38)
 j - a wand of polymorph (48)
 P - a wand of acid (13)
 T - a wand of iceblast (36)
 U - a wand of scattershot (4)
 X - a wand of digging (17)
Scrolls
 g - 31 scrolls of remove curse
 t - 9 scrolls of blinking
 v - 46 scrolls of teleportation
 C - 4 scrolls of immolation
 D - a scroll of silence
 E - 4 scrolls of fear
 L - 12 scrolls of fog
 M - 6 scrolls of magic mapping
 S - 3 scrolls of enchant armour
 W - 4 scrolls of holy word
Potions
 i - 10 potions of brilliance
 l - 2 potions of cancellation
 o - 12 potions of haste
 q - 8 potions of flight
 r - 12 potions of curing
 w - 5 potions of ambrosia
 A - 3 potions of agility
 G - 6 potions of heal wounds
 H - a potion of magic
 J - 3 potions of might
 K - 4 potions of mutation
 N - 2 potions of berserk rage
Books
 Q - a manual of Charms
Miscellaneous
 z - 6 phantom mirrors
Comestibles
 c - 2 chunks of flesh
 d - 52 rations


   Skills:
 + Level 21.6 Fighting
 + Level 20.0 Axes
 - Level 18.5 Throwing
 - Level 19.5 Dodging
 - Level 16.5 Stealth
 - Level 15.1 Shields
 - Level 7.3 Spellcasting
 * Level 14.7 Conjurations
 - Level 11.7 Charms
 - Level 7.0 Translocations
 - Level 11.1 Transmutations
 * Level 14.7 Fire Magic
 - Level 11.8 Air Magic
 - Level 11.7 Earth Magic
 + Level 24.5 Invocations
 - Level 10.3 Evocations


You couldn't memorise any spells.
You knew the following spells:

 Your Spells              Type           Power        Failure   Level  Hunger
a - Magic Dart            Conj           ####         0%          1    None
b - Blink                 Tloc           N/A          1%          2    None
c - Swiftness             Chrm/Air       #######.     1%          2    None
d - Conjure Flame         Conj/Fire      #######.     0%          3    None
e - Apportation           Tloc           ######       1%          1    None
f - Statue Form           Tmut/Erth      #######..    1%          6    #####..
g - Lesser Beckoning      Tloc           ######....   1%          3    None
h - Deflect Missiles      Chrm/Air       #######...   1%          6    #####..
i - Portal Projectile     Hex/Tloc       #####.       1%          3    None
j - Summon Butterflies    Summ           ##......     1%          1    None
k - Fire Storm            Conj/Fire      #######...   89%         9    #######
l - Ozocubu's Armour      Chrm/Ice       ######..     1%          3    None

Your spell library contained the following spells:

 Spells                   Type           Power        Failure   Level  Hunger
 Cause Fear               Hex            ##........   9%          4    None
 Fireball                 Conj/Fire      #######...   1%          5    ###....
 Bolt of Fire             Conj/Fire      #######...   1%          6    #####..
 Bolt of Cold             Conj/Ice       ######....   7%          6    #####..
 Lightning Bolt           Conj/Air       #######...   1%          5    ###....
 Bolt of Magma            Conj/Fire/Erth #######...   1%          5    ###....
 Slow                     Hex            ##......     1%          2    None
 Confuse                  Hex            ##......     2%          3    None
 Invisibility             Hex            ##......     77%         6    #####..
 Throw Flame              Conj/Fire      ######       0%          2    None
 Throw Frost              Conj/Ice       ######       1%          2    None
 Controlled Blink         Tloc           N/A          96%         8    #######
 Freezing Cloud           Conj/Ice/Air   ######....   4%          6    #####..
 Mephitic Cloud           Conj/Pois/Air  ######..     1%          3    None
 Ring of Flames           Chrm/Fire      #######...   3%          7    ######.
 Venom Bolt               Conj/Pois      ######....   1%          5    ###....
 Olgreb's Toxic Radiance  Pois           ##......     9%          4    None
 Teleport Other           Tloc           ######..     1%          3    None
 Death's Door             Chrm/Necr      ######....   99%         8    #######
 Summon Small Mammal      Summ           ##..         1%          1    None
 Bolt of Draining         Conj/Necr      ######....   1%          5    ###....
 Lehudib's Crystal Spear  Conj/Erth      #######...   26%         8    #######
 Iskenderun's Mystic Bla  Conj           #######.     1%          4    None
 Summon Horrible Things   Summ           ##........   100%        8    #######
 Animate Dead             Necr           N/A          9%          4    None
 Pain                     Necr           ##..         1%          1    None
 Animate Skeleton         Necr           N/A          1%          1    None
 Vampiric Draining        Necr           ##........   2%          3    None
 Haunt                    Necr/Summ      ##........   99%         7    ######.
 Borgnjor's Revivificati  Necr           ##........   100%        8    #######
 Ozocubu's Refrigeration  Ice            ##........   77%         6    #####..
 Sticky Flame             Conj/Fire      #######.     1%          4    None
 Summon Ice Beast         Ice/Summ       ##......     9%          4    None
 Call Imp                 Summ           ##......     1%          2    None
 Dispel Undead            Necr           ##......     26%         5    ###....
 Poison Arrow             Conj/Pois      ######....   7%          6    #####..
 Regeneration             Chrm/Necr      ######....   1%          3    None
 Sting                    Conj/Pois      ####         1%          1    None
 Sublimation of Blood     Necr           ##........   1%          2    None
 Tukima's Dance           Hex            ##......     2%          3    None
 Summon Demon             Summ           ##........   26%         5    ###....
 Summon Greater Demon     Summ           ##........   99%         7    ######.
 Corpse Rot               Necr           N/A          1%          2    None
 Iron Shot                Conj/Erth      #######...   1%          6    #####..
 Stone Arrow              Conj/Erth      ######       1%          3    None
 Shock                    Conj/Air       ####         0%          1    None
 Recall                   Summ/Tloc      N/A          1%          3    None
 Agony                    Necr           ##......     26%         5    ###....
 Spider Form              Tmut/Pois      ######....   1%          3    None
 Blade Hands              Tmut           #######...   1%          5    ###....
 Ice Form                 Ice/Tmut       ######..     1%          4    None
 Dragon Form              Tmut           #######...   9%          7    ######.
 Necromutation            Tmut/Necr      ######....   99%         8    #######
 Glaciate                 Conj/Ice       ######....   100%        9    #######
 Airstrike                Air            #######...   1%          4    None
 Shadow Creatures         Summ           N/A          77%         6    #####..
 Confusing Touch          Hex            ##....       1%          1    None
 Flame Tongue             Conj/Fire      #####        0%          1    None
 Passwall                 Tmut/Erth      #######.     1%          2    None
 Ignite Poison            Fire/Tmut/Pois ######..     1%          3    None
 Sticks to Snakes         Tmut           #######.     1%          2    None
 Call Canine Familiar     Summ           ##......     2%          3    None
 Ensorcelled Hibernation  Hex/Ice        ##....       1%          2    None
 Metabolic Englaciation   Hex/Ice        ##........   26%         5    ###....
 Silence                  Hex/Air        ######....   2%          5    ###....
 Shatter                  Erth           #######...   99%         9    #######
 Dispersal                Tloc           ######....   8%          6    #####..
 Static Discharge         Conj/Air       #######.     1%          3    None
 Corona                   Hex            ##.....      1%          1    None
 Alistair's Intoxication  Tmut/Pois      ######..     2%          5    ###....
 Lee's Rapid Deconstruct  Erth           #######...   1%          5    ###....
 Sandblast                Erth           ######       0%          1    None
 Simulacrum               Ice/Necr       ##........   77%         6    #####..
 Conjure Ball Lightning   Conj/Air       #######...   1%          6    #####..
 Chain Lightning          Conj/Air       #######...   26%         8    #######
 Excruciating Wounds      Chrm/Necr      ######....   2%          5    ###....
 Monstrous Menagerie      Summ           ##........   99%         7    ######.
 Petrify                  Tmut/Erth      #######.     1%          4    None
 Passage of Golubria      Tloc           N/A          1%          4    None
 Orb of Destruction       Conj           #######...   1%          7    ######.
 Malign Gateway           Summ/Tloc      #####.....   86%         7    ######.
 Tornado                  Air            #######...   99%         9    #######
 Leda's Liquefaction      Hex/Erth       ######....   1%          4    None
 Summon Hydra             Summ           ##........   99%         7    ######.
 Darkness                 Hex            ##........   77%         6    #####..
 Shroud of Golubria       Chrm/Tloc      ######....   1%          2    None
 Inner Flame              Hex/Fire       ######..     1%          3    None
 Aura of Abjuration       Summ           ##........   26%         5    ###....
 Beastly Appendage        Tmut           ######       0%          1    None
 Disjunction              Tloc           ######....   96%         8    #######
 Iskenderun's Battlesphe  Conj/Chrm      #######.     1%          5    ###....
 Fulminant Prism          Conj/Hex       ######....   1%          4    None
 Dazzling Spray           Conj/Hex       ######       1%          3    None
 Force Lance              Conj/Tloc      #######.     1%          4    None
 Infusion                 Chrm           ####         0%          1    None
 Song of Slaying          Chrm           #######.     1%          2    None
 Spectral Weapon          Hex/Chrm       ######..     1%          3    None
 Searing Ray              Conj           ######       0%          2    None
 Discord                  Hex            ##........   100%        8    #######
 Summon Forest            Summ/Tloc      #####.....   6%          5    ###....
 Summon Lightning Spire   Summ/Air       ######..     1%          4    None
 Summon Guardian Golem    Hex/Summ       ##......     2%          3    None
 Dragon's Call            Summ           ##........   100%        9    #######
 Spellforged Servitor     Conj/Summ      ######....   34%         7    ######.
 Summon Mana Viper        Hex/Summ       ##......     26%         5    ###....
 Irradiate                Conj/Tmut      #######...   1%          5    ###....
 Gell's Gravitas          Tloc           ######....   1%          3    None
 Yara's Violent Unravell  Hex/Tmut       ######....   2%          5    ###....
 Infestation              Necr           ##........   100%        8    #######
 Poisonous Vapours        Pois/Air       ######       1%          2    None
 Ignition                 Fire           #######...   14%         8    #######
 Borgnjor's Vile Clutch   Necr/Erth      ######....   2%          5    ###....


Dungeon Overview and Level Annotations

Branches:
Dungeon (15/15)            Temple (1/1) D:4            Lair (6/6) D:8
 Shoals (4/4) Lair:4        Snake (4/4) Lair:2        Slime (0/5) Lair:6
    Orc (2/2) D:9             Elf (3/3) Orc:2        Vaults (5/5) D:14
  Crypt (3/3) Vaults:2       Tomb (0/3) Crypt:3      Depths (5/5) D:15
    Zot (0/5) Depths:5

Altars:
Ashenzari
Cheibriados
Dithmenos
Elyvilon
Fedhas
Gozag
Hepliaklqana
Kikubaaqudgha
Makhleb
Nemelex Xobeh
Okawaru
Qazlal
Ru
Sif Muna
Trog
Uskayaw
Vehumet
Wu Jian
Xom
Yredelemnul
Zin
The Shining One
Beogh

Shops:
D:6 =   D:10 [   Orc:2 =:%}   Elf:1 *=   Elf:3 !   Shoals:4 %   Snake:1 }=[[
Snake:3 =   Snake:4 *   Vaults:2 (   Vaults:5 }!==?   Depths:1 }

Portals:
Hell: Depths:1 Depths:2 Depths:3 Depths:4 Depths:5
Abyss: Depths:1 Depths:2 Depths:3 Depths:4
Pandemonium: Depths:1 Depths:2 Depths:3 Depths:4
Trove: Elf:2 (give 12 potions of heal wounds)

Annotations:
Lair:5 exclusion: 4 oklob plants
Shoals:2 Ilsuiw
Depths:3 1 runed door


Innate Abilities, Weirdness & Mutations

You cannot wear most types of armour.
You are very stealthy in the water. (Stealth+)
You are amphibious.
You can wear up to eight rings at the same time.
You can use your tentacles to constrict eight enemies at once.
Your skin changes colour to match your surroundings (Stealth+).
Your rubbery body absorbs attacks. (AC +1, EV +1)
You are partially covered in iridescent scales. (AC +2)
You have supernaturally acute eyesight. (SInv)
You are agile. (Dex +2)
Your mind is acute. (Int +2)
You are frail. (-10% HP)
You are covered in fur. (AC +1)


Message History

GONNNNG!
The entropy weaver is engulfed in blazing flames.
The redback bites you!
* * * LOW HITPOINT WARNING * * *
The jumping spider closely misses you. x2
You slash the demonic crawler!
The demonic crawler explodes!
The fiery explosion engulfs the redback.
The redback explodes!
The fiery explosion engulfs you! You resist.
* * * LOW HITPOINT WARNING * * *
The fiery explosion engulfs you! You resist.
* * * LOW HITPOINT WARNING * * *
The Shining One accepts your kill.
You slice the jumping spider!!
The jumping spider explodes!
The fiery explosion engulfs you! You resist.
* * * LOW HITPOINT WARNING * * *
You are engulfed in blazing flames.
You resist.
You die...

.sss..%.%...%.................∩▓
.ssy.....§§%.........%.........▓
.sysy(..%§.a......s............▓
..sas.(.##.s%..##..............▓
..sssas†##.....##..............▓
..ssssys.......................▓
.....s.§.§§†.%§§§§.............▓
▓▓▓▓▓▓...§§.†%§§§§.▓▓▓▓▓▓▓▓▓▓▓▓▓
▓...§..%.§§@§.▓ ▓....%....§§§.▓
▓.......†.§§§.▓ ▓......%......▓
▓........†..%.▓ ▓.............▓
▓▓▓▓▓▓▓▓▓▓▓▓▓▓▓


You could see an emperor scorpion (inner flame), an entropy weaver (inner flame)
and a jumping spider.

Vanquished Creatures
  11 ancient liches
  Mennas (Vaults:3)
  15 juggernauts
  Boris (Depths:4)
  Margery (Crypt:1)
  The ghost of Putrafox the Metallomancer, a veteran GrEE of Ashenzari (Vaults:4)
  6 shard shrikes (Zig:21)
  A caustic shrike (Zig:5)
  Xtahua (Vaults:4)
  Saint Roka (Depths:4)
  A Killer Klown (Zig:13)
  A golden dragon (shapeshifter) (Zig:13)
  17 golden dragons
  Jory (Vaults:5)
  6 bone dragons
  3 pandemonium lords
  An iron giant (Zig:15)
  4 Tzitzimimeh (Zig:20)
  A Brimstone Fiend (Zig:20)
  4 electric golems (Zig:11)
  8 liches
  9 tentacled monstrosities
  Rupert (Lair:3)
  4 Ice Fiends
  The ghost of Scuka the Metallomancer, an adept GrEE of Sif Muna (Snake:4)
  2 Hell Sentinels (Zig:20)
  12 titans
  5 deep elf master archers
  6 deep elf blademasters
  4 quicksilver dragons
  7 ancient champions
  Polyphemus (Shoals:2)
  Agnes (D:15)
  14 sphinxes
  2 Executioners (Zig:20)
  2 draconian monks
  13 storm dragons
  A thorn hunter (Zig:7)
  10 tengu reavers
  7 revenants
  4 shadow dragons (Vaults:5)
  9 nagarajas
  A fire giant (shapeshifter) (Zig:13)
  5 draconian knights (Zig:21)
  10 orc warlords
  18 fire giants
  7 iron dragons
  5 deep elf sorcerers
  3 imperial myrmidons (Desolation)
  17 frost giants
  2 balrugs (Zig:20)
  A juggernaut zombie (Zig:15)
  6 ghost moths (Zig:24)
  9 curse skulls
  2 caustic shrike zombies (Zig:15)
  2 emperor scorpions (Zig:24)
  Aizul (Snake:1)
  A cacodemon (Zig:20)
  20 vault wardens
  2 angels (Vaults:4)
  34 stone giants
  8 ghouls
  7 deep elf elementalists
  2 warmongers (Zig:20)
  7 reapers
  9 war gargoyles
  5 spriggan defenders
  A blood saint (Zig:20)
  6 entropy weavers
  A stone giant (shapeshifter) (Zig:13)
  31 very ugly things
  28 ironheart preservers
  2 black suns (Zig:20)
  A minotaur (Lab)
  12 spark wasps
  3 lorocyprocas
  14 vampire knights
  8 deep elf demonologists
  A red draconian (Zig:2)
  3 dire elephants
  3 corrupters (Zig:20)
  8 deep elf annihilators
  Nessos (Lair:6)
  16 eidola
  2 crystal guardians (Desolation)
  18 deep elf death magi
  10 fire dragons
  6 merfolk impalers
  10 blizzard demons
  5 merfolk javelineers
  19 ettins
  4 green deaths
  14 ragged hierophants (Desolation)
  10 deep elf high priests
  The ghost of TheNamelessOne the Grappler, a journeyman TrHu of Uskayaw (D:11)
  15 great orbs of eyes
  A mummy priest (Crypt:3)
  Harold (D:12)
  26 ogre magi
  31 vault guards
  26 yaktaur captains
  3 rakshasas
  An alligator snapping turtle (Shoals:1)
  Fannar (D:11)
  6 spriggan air magi
  6 hydras
  A quicksilver dragon skeleton (Crypt:3)
  6 servants of whispers (Desolation)
  21 ice dragons
  5 hell beasts
  8 peacekeepers (Desolation)
  A monstrous demonspawn (Depths:2)
  14 anacondas
  11 naga warriors
  2 merfolk aquamancers (Shoals:4)
  A merfolk avatar (Shoals:1)
  7 centaur warriors
  A catoblepas (Depths:4)
  35 dancing weapons
  7 death yaks
  3 death knights
  4 satyrs
  12 deep troll shamans
  59 two-headed ogres
  21 orc high priests
  11 vampire magi
  4 titan zombies
  6 tengu warriors
  5 alligators
  Urug (Lair:3)
  A storm dragon zombie (Vaults:4)
  16 deep troll earth magi
  7 shock serpents
  5 spriggan berserkers
  9 soul eaters
  27 deep elf knights
  2 titan skeletons (Crypt:3)
  15 naga sharpshooters
  2 sun demons
  32 skeletal warriors
  9 iron trolls
  A golden dragon zombie (Crypt:3)
  3 sixfirhies
  A sea snake (shapeshifter) (Vaults:5)
  14 hell knights
  6 shadow wraiths
  4 glowing orange brains
  2 starcursed masses (Abyss:2)
  A spark wasp zombie (Zig:15)
  54 deep trolls
  2 death drakes (Zig:16)
  A swamp dragon (shapeshifter) (Elf:1)
  An unseen horror (D:15)
  2 spriggan druids (Depths:4)
  3 wizards
  3 flayed ghosts
  A ghost moth zombie (Crypt:1)
  6 sea snakes
  11 naga ritualists
  A glowing orange brain (shapeshifter) (Depths:5)
  A shadow demon (Depths:2)
  17 phantasmal warriors
  9 harpies
  An iron dragon zombie (Zig:15)
  6 swamp dragons
  An orange crystal statue (Depths:1)
  An anaconda skeleton (Crypt:1)
  25 ironbrand convokers
  7 lindwurms
  23 necromancers
  Pikel (D:4)
  17 deep elf archers
  2 harpies (shapeshifter)
  2 shambling mangroves (Zig:16)
  A shining eye (shapeshifter) (Zig:10)
  14 mana vipers
  20 orc knights
  3 orb spiders (Zig:24)
  2 mana vipers (shapeshifter)
  82 deep elf magi
  A wolf spider zombie (Crypt:3)
  2 golden dragon skeletons
  20 wolf spiders
  5 cyclopes
  65 ugly things
  9 salamanders
  A shining eye (Depths:1)
  A manticore (shapeshifter) (Zig:14)
  3 oklob plants (Zig:7)
  A shadow dragon skeleton (Vaults:4)
  A frost giant zombie (Zig:15)
  15 orc sorcerers
  An elephant (shapeshifter) (Zig:13)
  5 fire giant zombies
  11 manticores
  3 frost giant skeletons
  14 moths of wrath
  4 stone giant zombies
  19 fauns
  3 guardian serpents (shapeshifter)
  6 large abominations
  6 elephants (Lair:6)
  A stone giant skeleton (Crypt:3)
  5 human skeletons
  4 merfolk sirens
  19 vault sentinels
  22 guardian serpents
  A water nymph (shapeshifter) (Vaults:5)
  2 fire giant skeletons (Crypt:3)
  Maurice (D:12)
  A black mamba (shapeshifter) (Vaults:2)
  An iron dragon skeleton (Zig:15)
  33 black mambas
  An eye of devastation (Depths:1)
  6 rust devils
  5 water nymphs
  21 naga magi
  2 shock serpent skeletons (Crypt:1)
  A smoke demon (Zig:20)
  An ice statue (Zig:17)
  A molten gargoyle (Desolation)
  13 spiny frogs
  A spiny frog (shapeshifter) (Elf:2)
  2 orange demons
  2 torpor snails
  2 titan simulacra
  2 human zombies
  An apocalypse crab (Zig:13)
  14 komodo dragons
  2 rime drakes (shapeshifter)
  9 rime drakes
  32 yaktaurs
  A spark wasp simulacrum (Depths:3)
  A yaktaur zombie (Vaults:5)
  14 freezing wraiths
  An efreet (Abyss:2)
  15 hellwings
  7 ice devils
  A hydra zombie (Crypt:3)
  The ghost of Hebeh the Firebug, a novice DEFE of Vehumet (D:5)
  2 tormentors
  10 demonic crawlers
  A guardian mummy (Crypt:3)
  3 tengu conjurers
  A minotaur skeleton (Lab)
  An ancient zyme (Abyss:4)
  A golden dragon simulacrum (Zig:21)
  14 jumping spiders
  A red devil (Zig:20)
  A yaktaur skeleton (Vaults:4)
  2 wind drakes
  A death drake zombie (Crypt:1)
  A merfolk (shapeshifter) (Zig:23)
  13 hornets
  Prince Ribbit (D:7)
  5 tyrant leeches (Zig:16)
  A meliai (D:6)
  7 harpy zombies
  23 merfolk
  8 polar bears (Lair:6)
  A wolf spider simulacrum (Crypt:1)
  A jumping spider (shapeshifter) (Vaults:3)
  71 saltlings (Desolation)
  2 trolls (shapeshifter)
  17 trolls
  12 raiju
  2 spriggan zombies (Depths:2)
  8 blink frogs
  2 hippogriffs (shapeshifter)
  2 bog bodies (Zig:16)
  2 ettin zombies (Crypt:3)
  A raiju (shapeshifter) (Vaults:3)
  A blink frog (shapeshifter) (Vaults:1)
  A fire dragon zombie (Crypt:3)
  A dream sheep (shapeshifter) (Vaults:5)
  19 dream sheep
  An iron dragon simulacrum (Depths:2)
  16 slime creatures
  2 snapping turtles
  5 flying skulls (Crypt:1)
  2 spriggans (shapeshifter)
  11 hippogriffs
  A fire dragon skeleton (Crypt:1)
  21 redbacks
  4 spriggans
  4 air elementals
  A shadow (Vaults:4)
  9 tarantellas (Zig:24)
  2 ettin skeletons (Crypt:3)
  6 ynoxinuls
  A redback (shapeshifter) (Vaults:3)
  40 yaks
  3 vampires
  10 water elementals
  12 wraiths
  8 basilisks
  A human (D:14)
  4 wyverns
  A hog (shapeshifter) (Zig:9)
  A yak (shapeshifter) (Elf:2)
  A fire bat (shapeshifter) (Vaults:4)
  6 fire elementals
  A neqoxec (Zig:20)
  6 hogs (Shoals:2)
  5 hungry ghosts
  3 elf simulacra (Zig:21)
  4 chaos spawn
  A golden eye (Abyss:2)
  4 steam dragons
  A deep troll zombie (Vaults:4)
  7 vampire mosquitoes
  6 insubstantial wisps
  A naga (shapeshifter) (Vaults:1)
  11 wargs
  45 nagas
  13 hell hounds
  5 acid dragons
  3 small abominations
  4 floating eyes (shapeshifter)
  10 water moccasins
  A deep troll skeleton (Vaults:4)
  6 swamp drakes
  A floating eye (Depths:5)
  A hornet zombie (Crypt:1)
  12 porcupines
  10 black bears
  7 ice beasts
  5 sky beasts
  3 eyes of draining
  3 necrophages
  A slave (D:4)
  A snapping turtle zombie (Crypt:3)
  A spiny frog skeleton (Crypt:3)
  A tengu (shapeshifter) (Zig:14)
  74 orc warriors
  A swamp dragon zombie (Crypt:3)
  A dream sheep zombie (Crypt:1)
  An ettin simulacrum (Vaults:2)
  2 phantoms
  74 ogres
  4 boggarts (Vaults:1)
  A hog zombie (Crypt:2)
  17 wolves (Lair:6)
  12 centaurs
  16 crocodiles
  9 bullfrogs
  6 big kobolds
  A fire crab zombie (Crypt:2)
  5 elf zombies (Elf:1)
  A wyvern zombie (D:13)
  3 elf skeletons
  A glowing shapeshifter simulacrum (Depths:2)
  2 water moccasin zombies
  2 earth elementals (Zig:17)
  7 wyvern skeletons (Crypt:3)
  4 scorpions
  4 killer bees
  2 electric eels (Lair:1)
  A polar bear skeleton (Crypt:1)
  5 howler monkeys
  6 centaur zombies
  8 crimson imps
  5 quasits
  37 orc priests
  2 bullfrog zombies
  A demonspawn zombie (Crypt:2)
  6 hounds
  10 jellies
  3 bullfrog skeletons
  4 centaur skeletons
  A gnoll shaman (Zig:18)
  An iron imp (Zig:15)
  33 orc wizards
  10 iguanas
  A lightning spire (Zig:13)
  8 worker ants
  A killer bee zombie (D:6)
  A crocodile zombie (Crypt:1)
  A felid skeleton (Crypt:2)
  A naga skeleton (Crypt:2)
  A demigod skeleton (Crypt:1)
  A hound zombie (D:9)
  3 hound skeletons
  2 mummies (Crypt:3)
  14 adders
  A river rat (D:11)
  2 shadow imps
  2 ufetubi
  9 oozes
  4 adder skeletons
  A halfling skeleton (Crypt:1)
  A worm (shapeshifter) (Vaults:4)
  4 worms
  A barachi skeleton (Crypt:2)
  4 dart slugs
  9 leopard geckos
  150 orcs
  A ball python (D:7)
  A bat skeleton (Crypt:1)
  7 giant cockroaches
  9 goblins
  8 hobgoblins
  11 jackals
  7 quokkas
  10 bats
  8 frilled lizards
  2 gnoll skeletons
  A jackal skeleton (D:5)
  22 kobolds
  A leopard gecko skeleton (D:7)
  A quokka skeleton (D:4)
  2 rats
  9 crawling corpses
  3 fungi
  5 plants
  2 withered plants (Crypt:3)
3219 creatures vanquished.

Vanquished Creatures (collateral kills)
  An ancient lich (Zig:23)
  A pandemonium lord (Zig:13)
  2 Killer Klowns (Zig:13)
  A golden dragon (Zig:16)
  A lich (Zig:8)
  2 deep elf blademasters (Elf:3)
  An Executioner (Zig:20)
  2 orc warlords (Zig:18)
  2 deep elf elementalists (Elf:3)
  A war gargoyle (Zig:23)
  2 vampire knights (Zig:8)
  An entropy weaver (Zig:24)
  A stone giant (Zig:18)
  A deep elf annihilator (Elf:3)
  A large abomination (Elf:3)
  An eidolon (Zig:8)
  A deep elf death mage (Elf:3)
  An ogre mage (Zig:23)
  A hydra (Lair:1)
  A two-headed ogre (shapeshifter) (Zig:13)
  2 orc high priests (Zig:18)
  A shadow demon (Zig:13)
  A moth of wrath (Zig:18)
  A merfolk siren (Shoals:4)
  An apocalypse crab (Zig:13)
  A yaktaur (Zig:23)
  A troll (Zig:18)
  2 merfolk (Shoals:4)
  A tyrant leech (Zig:16)
  A hornet (Zig:16)
  A redback (Zig:24)
  A spriggan (Zig:16)
  A tarantella (Zig:24)
  A basilisk (Lair:1)
  A black bear (Lair:6)
  An ogre (Zig:18)
  An earth elemental (Elf:3)
44 creatures vanquished.

Vanquished Creatures (others)
  3 merfolk javelineers (Shoals:4)
  A centaur warrior (D:14)
  3 satyrs (Shoals:4)
  A death drake (Zig:6)
  A wizard (Depths:3)
  A deep elf mage (Zig:9)
  5 fauns (Shoals:4)
  A black mamba (Snake:4)
  A vault sentinel (Vaults:5)
  A freezing wraith (Zig:15)
  A rime drake (Zig:21)
  A merfolk (Shoals:4)
  A wind drake (shapeshifter) (Vaults:4)
  2 polar bears (Lair:6)
  2 yaks (Lair:6)
  A steam dragon (Zig:12)
  4 nagas
  An acid dragon (Zig:12)
  A water moccasin (Lair:6)
  2 orc warriors
  2 black bears (Lair:6)
  A human (D:5)
  3 centaurs
  A kobold (D:12)
  5 bushes (Depths:4)
  16 fungi
  134 plants
  A withered plant (Crypt:3)
197 creatures vanquished.

Grand Total: 3460 creatures vanquished

Notes
Turn   | Place    | Note
-------+----------+-------------------------------------------
     0 | D:1      | Ijustatesigmund the Octopode Fighter began the quest for the Orb.
     0 | D:1      | Reached XP level 1. HP: 16/16 MP: 1/1
   259 | D:1      | Reached XP level 2. HP: 21/21 MP: 2/2
   863 | D:2      | Reached XP level 3. HP: 23/26 MP: 3/3
   943 | D:2      | Gained mutation: You are partially covered in yellow scales. (AC +2) [potion of mutation]
   943 | D:2      | Gained mutation: You have very sharp teeth. [potion of mutation]
   943 | D:2      | Gained mutation: You expend magic power (3 MP) to strengthen your wands. [potion of mutation]
  1086 | D:2      | Reached XP level 4. HP: 29/31 MP: 4/4
  1249 | D:2      | Found a basalt altar of Yredelemnul.
  1888 | D:2      | Reached XP level 5. HP: 37/37 MP: 5/5
  2152 | D:3      | Noticed an ice beast
  2160 | D:3      | HP: 2/55 [ice beast (7)]
  2163 | D:3      | Killed an ice beast
  2163 | D:3      | Reached XP level 6. HP: 2/43 MP: 6/6
  2884 | D:4      | Reached skill level 5 in Axes
  3020 | D:4      | Reached XP level 7. HP: 43/49 MP: 7/7
  3103 | D:4      | Reached skill level 5 in Fighting
  3103 | D:4      | Reached skill level 5 in Shields
  3519 | D:4      | Noticed Pikel
  3531 | D:4      | Killed Pikel
  3531 | D:4      | Reached XP level 8. HP: 53/57 MP: 4/8
  3570 | D:4      | Found a shadowy altar of Dithmenos.
  3613 | D:4      | Found a deep blue altar of Sif Muna.
  3829 | D:4      | Found a staircase to the Ecumenical Temple.
  3835 | Temple   | Entered the Ecumenical Temple
  3900 | Temple   | Became a worshipper of the Shining One
  3981 | D:5      | Entered Level 5 of the Dungeon
  4604 | D:5      | Found a runed door.
  4615 | D:5      | Noticed Hebeh's ghost (novice DEFE)
  4744 | D:5      | Reached * piety under the Shining One
  4744 | D:5      | Reached XP level 9. HP: 8/62 MP: 9/9
  5072 | D:5      | Reached skill level 1 in Invocations
  5196 | D:5      | Found an ancient bone altar of Kikubaaqudgha.
  5371 | D:6      | Noticed a hornet
  5373 | D:6      | Noticed a meliai
  5373 | D:6      | a hornet changed into a meliai
  5378 | D:6      | Killed a meliai
  5378 | D:6      | Reached skill level 5 in Dodging
  5378 | D:6      | Reached skill level 2 in Invocations
  5645 | D:5      | Killed Hebeh's ghost
  5645 | D:5      | Reached skill level 3 in Invocations
  5711 | D:6      | Found Vofinugy's Jewellery Shop.
  5738 | D:6      | Bought a +1 ring of protection for 42 gold pieces
  5881 | D:6      | Found a snail-covered altar of Cheibriados.
  5897 | D:6      | Found a hide-covered altar of Uskayaw.
  5910 | D:6      | Found a hazy altar of Hepliaklqana.
  5935 | D:6      | Found an iron altar of Okawaru.
  6358 | D:7      | Noticed Prince Ribbit
  6383 | D:7      | Killed Prince Ribbit
  6383 | D:7      | Reached skill level 4 in Invocations
  6673 | D:7      | Reached XP level 10. HP: 66/67 MP: 13/13
  6899 | D:7      | Reached skill level 5 in Invocations
  7092 | D:8      | Reached ** piety under the Shining One
  7280 | D:8      | Found a shimmering altar of Xom.
  7419 | D:8      | Noticed a two-headed ogre
  7428 | D:8      | Killed a two-headed ogre
  7516 | D:8      | Found a runed door.
  7517 | D:8      | Noticed a sixfirhy
  7557 | D:8      | Found a staircase to the Lair.
  7567 | D:8      | Reached skill level 6 in Invocations
  7769 | D:8      | Found an ancient bone altar of Kikubaaqudgha.
  8381 | D:9      | Paralysed by a hornet for 2 turns
  8391 | D:9      | Reached skill level 7 in Invocations
  8425 | D:9      | Reached XP level 11. HP: 49/77 MP: 16/16
  8569 | D:9      | Found a staircase to the Orcish Mines.
  8918 | D:9      | Noticed a two-headed ogre
  8930 | D:9      | Killed a two-headed ogre
  9176 | D:10     | Entered Level 10 of the Dungeon
  9268 | D:10     | Reached skill level 10 in Axes
  9268 | D:10     | Reached skill level 8 in Invocations
  9707 | D:10     | Found Suvvaa's Armour Boutique.
  9931 | D:11     | Found a shattered altar of Ashenzari.
 10071 | D:11     | Found a runed gate.
 10071 | D:11     | Found a runed gate.
 10071 | D:11     | Found a runed gate.
 10072 | D:11     | Noticed TheNamelessOne's ghost (journeyman TrHu)
 10072 | D:11     | Noticed a brown ugly thing
 10072 | D:11     | Noticed a sphinx
 10089 | D:11     | Noticed a two-headed ogre
 10101 | D:11     | Killed a two-headed ogre
 10138 | D:11     | Noticed Fannar
 10261 | D:12     | Noticed a skeletal warrior
 10261 | D:12     | Noticed a phantasmal warrior
 10559 | Lair:1   | Entered Level 1 of the Lair of Beasts
 10559 | Lair:1   | Noticed a seven-headed hydra
 10568 | Lair:1   | Killed a seven-headed hydra
 10568 | Lair:1   | Reached skill level 9 in Invocations
 11656 | Lair:2   | Reached *** piety under the Shining One
 11690 | Lair:2   | Reached XP level 12. HP: 87/87 MP: 19/19
 11698 | Lair:2   | Reached skill level 10 in Fighting
 11865 | Lair:2   | Learned a level 1 spell: Magic Dart
 11868 | Lair:2   | Learned a level 2 spell: Blink
 11984 | Lair:2   | Reached skill level 1 in Translocations
 12073 | Lair:2   | Found a staircase to the Snake Pit.
 12341 | Lair:2   | Reached skill level 5 in Translocations
 13111 | Lair:3   | Noticed Rupert
 13111 | Lair:3   | Paralysed by Rupert for 6 turns
 13190 | Lair:3   | Identified a scroll of acquirement
 13194 | Lair:3   | Got a fine glass ring
 13195 | Lair:3   | Identified the ring of the Priest {MR+ Int+6 Dex+4} (You acquired it on level 3 of the Lair of Beasts)
 13231 | Lair:4   | Found a labyrinth entrance.
 13266 | Lab      | Entered a labyrinth
 13640 | Lab      | Reached skill level 10 in Invocations
 13909 | Lab      | Noticed a minotaur
 13918 | Lab      | Killed a minotaur
 14146 | Lair:4   | Reached XP level 13. HP: 45/93 MP: 17/20
 14532 | Lair:4   | Found a staircase to the Shoals.
 15110 | Lair:5   | Learned a level 2 spell: Swiftness
 15210 | Lair:5   | Reached skill level 11 in Invocations
 15512 | Lair:5   | Reached skill level 1 in Charms
 15512 | Lair:5   | Reached skill level 1 in Air Magic
 15523 | Lair:5   | Got a brightly glowing war axe
 15527 | Lair:5   | Identified the +5 war axe "Husidd" {speed, rC- Str+5} (You found it on level 5 of the Lair of Beasts)
 15938 | Lair:6   | Entered Level 6 of the Lair of Beasts
 16751 | Lair:6   | Found a staircase to the Slime Pits.
 17696 | Lair:6   | Reached XP level 14. HP: 57/102 MP: 22/22
 17959 | Lair:6   | Reached **** piety under the Shining One
 18190 | Lair:6   | Reached skill level 12 in Invocations
 18752 | Lair:6   | Noticed Nessos
 18762 | Lair:6   | Killed Nessos
 18762 | Lair:6   | Reached skill level 5 in Charms
 18762 | Lair:6   | Reached skill level 5 in Air Magic
 19909 | Orc:1    | Entered Level 1 of the Orcish Mines
 19909 | Orc:1    | Found a bloodstained altar of Trog.
 20282 | Orc:2    | Entered Level 2 of the Orcish Mines
 20294 | Orc:2    | Upgraded the game from 0.22-a0-618-gd6a3efe to 0.22-a0-757-gdba82d8
 20333 | Orc:2    | Found a roughly hewn altar of Beogh.
 20523 | Orc:2    | Noticed an orc warlord
 21616 | Orc:2    | Found Qawami's Jewellery Boutique.
 21634 | Orc:2    | Bought a +6 ring of evasion for 1014 gold pieces
 21663 | Orc:2    | Killed an orc warlord
 21712 | Orc:2    | Found Eleceybe's Book Shop.
 21930 | Orc:2    | Reached XP level 15. HP: 84/108 MP: 18/24
 22291 | Orc:2    | Found a staircase to the Elven Halls.
 22351 | Orc:2    | Noticed an orc warlord
 22366 | Orc:2    | Killed an orc warlord
 22374 | Orc:2    | Reached skill level 13 in Invocations
 22590 | Orc:2    | Found Raluh's Gadget Boutique.
 22601 | Orc:2    | Reached ***** piety under the Shining One
 22754 | Orc:2    | Found a roughly hewn altar of Beogh.
 22806 | Orc:2    | Found Ronwol's Food Shoppe.
 23239 | Lair:3   | Paralysed by Rupert for 5 turns
 23264 | Lair:3   | Paralysed by Rupert for 5 turns
 23283 | Lair:3   | Killed Rupert
 23469 | Lair:3   | Noticed Urug
 23477 | Lair:3   | Killed Urug
 23741 | Lair:3   | Found the +8 trident of the Octopus King {venom, rElec rPois MR+}
 24116 | D:11     | Killed Fannar
 24660 | D:11     | Killed TheNamelessOne's ghost
 24668 | D:11     | Killed a sphinx
 24668 | D:11     | Reached skill level 15 in Axes
 24788 | D:12     | Noticed Maurice
 24796 | D:12     | Killed Maurice
 24854 | D:12     | Noticed Harold
 24859 | D:12     | Killed Harold
 25652 | D:13     | Reached skill level 10 in Shields
 25785 | D:13     | Reached XP level 16. HP: 114/114 MP: 26/26
 25866 | D:13     | Reached skill level 14 in Invocations
 26531 | D:14     | Paralysed by an orc sorcerer for 3 turns
 26534 | D:14     | Reached skill level 10 in Dodging
 26819 | D:14     | Found a gate to the Vaults.
 27281 | D:15     | Entered Level 15 of the Dungeon
 27626 | Orc:2    | Bought the amulet of Vitality {Regen+ HP+15} for 1027 gold pieces
 27626 | Orc:2    | Found the amulet of Vitality {Regen+ HP+15}
 28051 | D:15     | Noticed Agnes
 28062 | D:15     | Killed Agnes
 28156 | D:15     | Found a staircase to the Depths.
 28167 | D:15     | Reached ****** piety under the Shining One
 28592 | Shoals:1 | Entered Level 1 of the Shoals
 29855 | Shoals:2 | Reached XP level 17. HP: 31/121 MP: 20/28
 29857 | Shoals:2 | Reached skill level 15 in Invocations
 30047 | Shoals:2 | Noticed Polyphemus
 30380 | Shoals:2 | Noticed Ilsuiw
 30680 | Shoals:3 | Upgraded the game from 0.22-a0-757-gdba82d8 to 0.22-a0-772-gac08f70
 30821 | Shoals:4 | Entered Level 4 of the Shoals
 31616 | Shoals:4 | Reached skill level 1 in Evocations
 31788 | Shoals:4 | Got a barnacled rune of Zot
 31848 | Shoals:4 | Identified the +2 mace of the Jolly Emperors {antimagic, Stlth+} (You took it off a merfolk on level 4 of the Shoals)
 32311 | Shoals:4 | Found Ycesaes's Food Emporium.
 32352 | Shoals:4 | Identified the ring of Yneniep {rN+ MP+9 Int+2} (You found it on level 4 of the Shoals)
 32415 | Shoals:4 | Reached skill level 5 in Evocations
 32420 | Shoals:4 | Reached skill level 16 in Invocations
 32824 | Shoals:2 | Killed Polyphemus
 32942 | Lair:4   | Learned a level 3 spell: Conjure Flame
 33206 | Vaults:1 | Entered Level 1 of the Vaults
 33252 | Vaults:1 | Reached skill level 1 in Conjurations
 33252 | Vaults:1 | Reached skill level 1 in Fire Magic
 33380 | Vaults:1 | Reached XP level 18. HP: 111/128 MP: 21/30
 33491 | Vaults:1 | Cast into level 2 of the Abyss (a deep elf demonologist)
 33637 | Abyss:2  | Noticed a bone dragon
 33667 | Abyss:2  | Killed a bone dragon
 33712 | Vaults:1 | Escaped the Abyss
 33805 | Vaults:1 | HP: 4/144 [yaktaur captain (18)]
 34781 | Vaults:1 | Reached skill level 5 in Conjurations
 34781 | Vaults:1 | Reached skill level 5 in Fire Magic
 35487 | Vaults:2 | Reached skill level 17 in Invocations
 35496 | Vaults:2 | Reached XP level 19. HP: 25/135 MP: 19/31
 35888 | Vaults:2 | Found Quh Jocs's Antique Weapon Emporium.
 36235 | Vaults:2 | Found a staircase to the Crypt.
 36235 | Vaults:2 | Found a basalt altar of Yredelemnul.
 36236 | Vaults:2 | Found an ancient bone altar of Kikubaaqudgha.
 37030 | Vaults:2 | Gained mutation: You tend to lose your temper in combat. [mutagenic glow]
 37031 | Vaults:2 | Lost mutation: You tend to lose your temper in combat. [potion of mutation]
 37031 | Vaults:2 | Lost mutation: You expend magic power (3 MP) to strengthen your wands. [potion of mutation]
 37031 | Vaults:2 | Gained mutation: Your flesh is cold resistant. (rC+) [potion of mutation]
 37031 | Vaults:2 | Gained mutation: You have an increased reservoir of magic. (+10% MP) [potion of mutation]
 37063 | Vaults:2 | Gained mutation: You are frail. (-10% HP) [mutagenic glow]
 37066 | Vaults:2 | Lost mutation: You are frail. (-10% HP) [potion of mutation]
 37066 | Vaults:2 | Lost mutation: You are partially covered in yellow scales. (AC +2) [potion of mutation]
 37066 | Vaults:2 | Gained mutation: Your body sometimes deteriorates upon taking damage. [potion of mutation]
 37066 | Vaults:2 | Gained mutation: You have a considerably increased reservoir of magic. (+20% MP) [potion of mutation]
 37067 | Vaults:2 | Lost mutation: Your body sometimes deteriorates upon taking damage. [potion of mutation]
 37067 | Vaults:2 | Lost mutation: You have very sharp teeth. [potion of mutation]
 37067 | Vaults:2 | Lost mutation: You have a considerably increased reservoir of magic. (+20% MP) [potion of mutation]
 37067 | Vaults:2 | Gained mutation: You are robust. (+10% HP) [potion of mutation]
 37112 | Vaults:2 | Gained mutation: You are dopey. (Int -2) [mutagenic glow]
 37392 | Orc:2    | Bought the ring "Rebboa" {Fire rPois MR- Dex+3 Stlth+} for 534 gold pieces
 37547 | Snake:1  | Entered Level 1 of the Snake Pit
 37646 | Snake:1  | Found Ladiliph's Antique Armour Boutique.
 37647 | Snake:1  | Found Jarhiub's Antique Armour Boutique.
 37647 | Snake:1  | Found Rukegewn's Jewellery Shop.
 37670 | Snake:1  | Found Uffusm's Gadget Shop.
 38014 | Snake:1  | Noticed Aizul
 38030 | Snake:1  | Killed Aizul
 38574 | Snake:2  | Reached skill level 10 in Evocations
 39312 | Snake:3  | Found Asuenut's Jewellery Emporium.
 39851 | Snake:4  | Entered Level 4 of the Snake Pit
 39960 | Snake:4  | Reached XP level 20. HP: 158/158 MP: 36/36
 40054 | Snake:4  | Noticed Scuka's ghost (adept GrEE)
 40266 | Snake:4  | Found Qeacuynn's Assorted Antiques.
 40274 | Snake:4  | Bought an encrusted agate ring for 120 gold pieces
 40604 | Snake:4  | Found a runed gate.
 40604 | Snake:4  | Found a runed gate.
 40610 | Snake:4  | Found a runed gate.
 40761 | Snake:4  | Reached skill level 15 in Fighting
 40761 | Snake:4  | Reached skill level 18 in Invocations
 40764 | Snake:4  | Killed Scuka's ghost
 41807 | Snake:4  | Got a serpentine rune of Zot
 42093 | Elf:1    | Entered Level 1 of the Elven Halls
 42141 | Elf:1    | Found Eggocos's General Store.
 42250 | Elf:1    | Found Ihuciowk's Jewellery Shop.
 42858 | Elf:1    | Reached XP level 21. HP: 168/168 MP: 37/37
 42980 | Elf:1    | Identified the Volume of Stolen Souls
 43685 | Elf:2    | Found a huge runed gate.
 43685 | Elf:2    | Found a huge runed gate.
 43685 | Elf:2    | Found a huge runed gate.
 43685 | Elf:2    | Found a huge runed gate.
 43685 | Elf:2    | Found a huge runed gate.
 43923 | Elf:2    | Found a portal to a secret trove of treasure.
 44274 | Elf:2    | Reached skill level 19 in Invocations
 44598 | Elf:3    | Entered Level 3 of the Elven Halls
 44665 | Elf:3    | Found Wapaq's Distillery.
 45073 | Elf:3    | Got a translucent bronze ring
 45074 | Elf:3    | Identified the ring "Lala" {Wiz rN+++ Str-2 Int+4 Stlth-} (You found it on level 3 of the Elven Halls)
 45087 | Elf:3    | Got a pitted graven amulet
 45088 | Elf:3    | Identified the amulet of Cuplida {Harm *Drain rC+} (You found it on level 3 of the Elven Halls)
 45094 | Elf:3    | Got a warped bronze ring
 45095 | Elf:3    | Identified the ring of Foolhardiness {Fire Int+5} (You found it on level 3 of the Elven Halls)
 46234 | Vaults:3 | Reached XP level 22. HP: 178/178 MP: 39/39
 46688 | Snake:1  | Bought a shiny shield for 300 gold pieces
 46941 | Elf:1    | Bought a +4 ring of protection for 468 gold pieces
 47593 | Vaults:3 | Noticed Mennas
 47633 | Vaults:3 | Killed Mennas
 47972 | Vaults:3 | Found an ancient bone altar of Kikubaaqudgha.
 49146 | Vaults:4 | Reached skill level 20 in Invocations
 49236 | Vaults:4 | Found a runed gate.
 49236 | Vaults:4 | Found a runed gate.
 49236 | Vaults:4 | Found a runed gate.
 49238 | Vaults:4 | Noticed Putrafox's ghost (veteran GrEE)
 49308 | Vaults:4 | Found a glowing silver altar of Zin.
 49308 | Vaults:4 | Found a white marble altar of Elyvilon.
 49309 | Vaults:4 | Found a ruined gateway.
 49310 | Vaults:4 | Found a glowing golden altar of the Shining One.
 49343 | Desolati | Entered the Desolation of Salt
 49358 | Desolati | Reached skill level 15 in Shields
 49553 | Desolati | Learned a level 1 spell: Apportation
 49565 | Desolati | Identified the Handbook of the Mountains
 49577 | Desolati | Reached skill level 1 in Stealth
 49600 | Desolati | Reached skill level 1 in Spellcasting
 49664 | Desolati | Learned a level 6 spell: Statue Form
 49718 | Desolati | Reached XP level 23. HP: 124/185 MP: 34/40
 49722 | Desolati | Reached skill level 1 in Earth Magic
 49728 | Desolati | Reached skill level 1 in Transmutations
 50210 | Desolati | Reached skill level 5 in Stealth
 50284 | Desolati | Identified the amulet "Pineph" {Harm *Drain SInv} (You found it in the Desolation of Salt)
 50290 | Desolati | Identified the amulet "Qoyga" {Acrobat Str-4 Dex+2 Stlth+} (You found it in the Desolation of Salt)
 50760 | Vaults:4 | Reached skill level 5 in Earth Magic
 50879 | Vaults:4 | Noticed Xtahua
 50898 | Vaults:4 | Killed Xtahua
 51316 | Vaults:4 | Learned a level 3 spell: Lesser Beckoning
 51461 | Vaults:4 | Reached skill level 5 in Transmutations
 51461 | Vaults:4 | Reached skill level 5 in Spellcasting
 51514 | Vaults:4 | Killed Putrafox's ghost
 51656 | Crypt:1  | Entered Level 1 of the Crypt
 52193 | Crypt:1  | Noticed Margery
 52218 | Crypt:1  | Killed Margery
 52218 | Crypt:1  | Reached XP level 24. HP: 192/192 MP: 37/40
 52562 | Crypt:1  | Reached skill level 10 in Stealth
 53810 | Crypt:3  | Entered Level 3 of the Crypt
 54441 | Crypt:3  | Found an ancient bone altar of Kikubaaqudgha.
 54650 | Crypt:3  | Noticed an ancient lich
 54668 | Crypt:3  | Killed an ancient lich
 54668 | Crypt:3  | Reached skill level 10 in Earth Magic
 54674 | Crypt:3  | Identified the ring of Veshungot {Int+7 Stlth+} (You found it on level 3 of the Crypt)
 55150 | Crypt:3  | Identified the ring "Kuzam" {rN+ Int+4} (You found it on level 3 of the Crypt)
 55151 | Crypt:3  | Identified the ring "Sutzo" {rN+ Int+5} (You found it on level 3 of the Crypt)
 55234 | Crypt:3  | Found a staircase to the Tomb.
 55786 | Crypt:3  | Found the +7 sceptre of Torment
 55787 | Crypt:3  | Found the amulet of the Air {Inacc +Fly rElec EV+5 RMsl}
 55867 | Crypt:3  | Got a blackened hat
 55873 | Crypt:3  | Identified the +0 hat of the Farrier {rF+ Int+7 Dex-4} (You acquired it on level 3 of the Crypt)
 56272 | Depths:1 | Entered Level 1 of the Depths
 56295 | Depths:1 | Reached skill level 10 in Transmutations
 56352 | Depths:1 | Reached XP level 25. HP: 199/199 MP: 40/40
 56870 | Depths:1 | Found a gateway to a ziggurat.
 56878 | Depths:1 | Gained mutation: Scrolls take you a little longer to read. [a shining eye]
 56885 | Depths:1 | Lost mutation: You are robust. (+10% HP) [a shining eye]
 56917 | Depths:1 | Lost mutation: Your flesh is cold resistant. (rC+) [potion of mutation]
 56917 | Depths:1 | Lost mutation: You are dopey. (Int -2) [potion of mutation]
 56917 | Depths:1 | Lost mutation: You have an increased reservoir of magic. (+10% MP) [potion of mutation]
 56917 | Depths:1 | Gained mutation: One of your tentacles bears a spike. [potion of mutation]
 56917 | Depths:1 | Gained mutation: Your muscles are strong. (Str +2) [potion of mutation]
 56990 | Depths:1 | Found a one-way gate leading to the halls of Pandemonium.
 57001 | Depths:1 | Found a gateway to Hell.
 57296 | Depths:1 | Found Ilioteem's Gadget Shoppe.
 57386 | Depths:1 | Identified the Guide on Enchanting Confrontation
 57403 | Depths:1 | Found a one-way gate to the infinite horrors of the Abyss.
 57923 | Depths:2 | Identified Sif Muna's Catalogue of Augmentations
 57928 | Depths:2 | Identified the +1 war axe of Irritation {flame, Str+8 Stlth+} (You found it on level 2 of the Depths)
 59011 | Depths:2 | Noticed a juggernaut
 59017 | Depths:2 | Killed a juggernaut
 59129 | Depths:2 | Noticed a juggernaut
 59147 | Depths:2 | Killed a juggernaut
 59358 | Depths:2 | Lost mutation: Your muscles are strong. (Str +2) [potion of mutation]
 59358 | Depths:2 | Lost mutation: Scrolls take you a little longer to read. [potion of mutation]
 59358 | Depths:2 | Lost mutation: One of your tentacles bears a spike. [potion of mutation]
 59358 | Depths:2 | Gained mutation: You are partially covered in iridescent scales. (AC +2) [potion of mutation]
 59358 | Depths:2 | Gained mutation: You have supernaturally acute eyesight. (SInv) [potion of mutation]
 59358 | Depths:2 | Gained mutation: You evolve. [potion of mutation]
 59358 | Depths:2 | Gained mutation: You rapidly evolve. [potion of mutation]
 59643 | Depths:3 | Reached skill level 15 in Dodging
 60268 | Depths:3 | Gained mutation: Your mind is acute. (Int +2) [evolution]
 60291 | Depths:3 | Noticed a juggernaut
 60513 | Depths:3 | Killed a juggernaut
 60523 | Depths:3 | Reached XP level 26. HP: 73/189 MP: 33/37
 60547 | Depths:3 | Learned a level 6 spell: Deflect Missiles
 60721 | Depths:3 | Found a burning altar of Makhleb.
 60745 | Depths:3 | Found a runed door.
 60892 | Depths:3 | Found the +3 giant club "Skullcrusher" {speed, Str+7}
 60932 | Depths:3 | Noticed a juggernaut
 60950 | Depths:3 | Killed a juggernaut
 61425 | Depths:4 | Identified the ring "Diojaora" {+Blink rElec Str+3 Int+4 Stlth+} (You found it on level 4 of the Depths)
 61830 | Depths:5 | Entered Level 5 of the Depths
 62012 | Depths:4 | Cast into level 4 of the Abyss (a Zot trap)
 62026 | Depths:4 | Escaped the Abyss
 62232 | Depths:4 | Noticed Saint Roka
 62246 | Depths:4 | Killed Saint Roka
 62289 | Depths:4 | Noticed Boris
 62298 | Depths:4 | Killed Boris
 62455 | Depths:4 | Identified a +7 broad axe of holy wrath (a +5 broad axe of flaming blessed by the Shining One)
 62455 | Depths:4 | Received a gift from the Shining One
 62828 | Depths:4 | Gained mutation: You are agile. (Dex +2) [evolution]
 62828 | Depths:4 | Lost mutation: You rapidly evolve. [decline of evolution]
 63012 | Depths:5 | Noticed a juggernaut
 63032 | Depths:5 | Killed a juggernaut
 63306 | Depths:5 | Found a deep blue altar of Sif Muna.
 63307 | Depths:5 | Found a snail-covered altar of Cheibriados.
 63307 | Depths:5 | Found a basalt altar of Yredelemnul.
 63396 | Depths:5 | Noticed a juggernaut
 63397 | Depths:5 | Reached skill level 10 in Air Magic
 63415 | Depths:5 | Killed a juggernaut
 63415 | Depths:5 | Reached skill level 10 in Charms
 63415 | Depths:5 | Reached XP level 27. HP: 141/195 MP: 37/37
 63435 | Depths:5 | Noticed a juggernaut
 63461 | Depths:5 | Killed a juggernaut
 63655 | Depths:5 | Reached skill level 15 in Stealth
 64561 | Depths:5 | Found a gate to the Realm of Zot.
 65229 | Vaults:5 | Entered Level 5 of the Vaults
 65231 | Vaults:5 | Noticed Jory
 65244 | Vaults:5 | Reached skill level 21 in Invocations
 65255 | Vaults:5 | Killed Jory
 65285 | Vaults:5 | Reached skill level 22 in Invocations
 65723 | Vaults:5 | Found Qenn's Jewellery Shoppe.
 65723 | Vaults:5 | Found Geatil's Magic Scroll Shoppe.
 65728 | Vaults:5 | Bought the ring "Pimetir" {rC+ Int+6 Dex+4} for 1375 gold pieces
 65728 | Vaults:5 | Found Supudiodgh's Jewellery Shop.
 65732 | Vaults:5 | Bought a scroll of teleportation for 48 gold pieces
 65732 | Vaults:5 | Bought a scroll of teleportation for 48 gold pieces
 65737 | Vaults:5 | Bought the ring of Azeossig {rPois rC+ Int+2 Dex+2 Stlth+} for 523 gold pieces
 65905 | Vaults:5 | Identified the Compendium of Spatial Arcane Weapons
 65920 | Vaults:5 | Got a silver rune of Zot
 66115 | Vaults:5 | Found Jyofeen's Gadget Shoppe.
 66122 | Vaults:5 | Identified Haihuf's Collected Works on Clay and Black Secrets
 66170 | Vaults:5 | Found Gumadgho's Distillery.
 66184 | Vaults:5 | Bought a potion of haste for 140 gold pieces
 66184 | Vaults:5 | Bought a potion of haste for 140 gold pieces
 66184 | Vaults:5 | Bought a potion of agility for 56 gold pieces
 66737 | Depths:1 | Upgraded the game from 0.22-a0-772-gac08f70 to 0.22-a0-776-ge6d7efa
 66738 | Zig:1    | Entered Level 1 of a ziggurat
 66791 | Zig:2    | Entered Level 2 of a ziggurat
 66855 | Zig:3    | Entered Level 3 of a ziggurat
 66868 | Zig:3    | Found the ring of the Mage {Wiz MR++ Int+3}
 66897 | Zig:4    | Entered Level 4 of a ziggurat
 66927 | Zig:5    | Entered Level 5 of a ziggurat
 67012 | Zig:6    | Entered Level 6 of a ziggurat
 67131 | Zig:7    | Entered Level 7 of a ziggurat
 67282 | Zig:7    | Gained mutation: You are covered in fur. (AC +1) [evolution]
 67282 | Zig:7    | Lost mutation: You evolve. [end of evolution]
 67299 | Zig:8    | Entered Level 8 of a ziggurat
 67338 | Zig:8    | Identified the amulet of Donter {Reflect rC+ SH+4 SInv Stlth+} (You found it on level 8 of a ziggurat)
 67354 | Zig:8    | Identified the ring "Pel Raog" {rCorr rPois rC+ Str+3 Slay-5} (You found it on level 8 of a ziggurat)
 67373 | Zig:9    | Entered Level 9 of a ziggurat
 67448 | Zig:9    | Identified the Tome of the Dusty Oath
 67454 | Zig:9    | Learned a level 3 spell: Portal Projectile
 67459 | Zig:9    | Learned a level 1 spell: Summon Butterflies
 67491 | Zig:10   | Entered Level 10 of a ziggurat
 67543 | Zig:10   | Identified the ring "Bomp" {+Fly rElec rC- rN++ Int+2} (You found it on level 10 of a ziggurat)
 67567 | Zig:10   | Reached skill level 5 in Throwing
 67571 | Zig:10   | Reached skill level 23 in Invocations
 67591 | Zig:11   | Entered Level 11 of a ziggurat
 67801 | Zig:11   | Identified the amulet "Uplyageo" {Reflect MR+ SH+2 SInv} (You found it on level 11 of a ziggurat)
 67981 | Zig:12   | Entered Level 12 of a ziggurat
 68061 | Zig:12   | Reached skill level 10 in Throwing
 68257 | Zig:12   | Got a pitted hat
 68263 | Zig:12   | Identified the +2 hat of the Evening Star {Dex+7} (You found it on level 12 of a ziggurat)
 68279 | Zig:12   | Got a twitching wooden ring
 68280 | Zig:12   | Identified the ring "Taonukh" {rF+ rC+ Str-2 Dex+3} (You found it on level 12 of a ziggurat)
 68297 | Zig:13   | Entered Level 13 of a ziggurat
 68308 | Zig:13   | Noticed Duemoag the pandemonium lord
 68308 | Zig:13   | Noticed Wehu the pandemonium lord
 68312 | Zig:13   | Noticed Wuotour the pandemonium lord
 68321 | Zig:13   | Killed Wehu the pandemonium lord
 68331 | Zig:13   | Killed Duemoag the pandemonium lord
 68339 | Zig:13   | Killed Wuotour the pandemonium lord
 68386 | Zig:13   | Identified the Almanac of Excruciating Bewitchment
 68423 | Zig:14   | Entered Level 14 of a ziggurat
 68442 | Zig:14   | Noticed an ancient lich
 68442 | Zig:14   | Noticed an ancient lich
 68456 | Zig:14   | Killed an ancient lich
 68465 | Zig:14   | Killed an ancient lich
 68545 | Zig:15   | Entered Level 15 of a ziggurat
 68578 | Zig:15   | Reached skill level 15 in Throwing
 68612 | Zig:15   | Identified the ring "Ceufu" {rF+ Str+2} (You found it on level 15 of a ziggurat)
 68623 | Zig:15   | Identified the ring "Jylimu" {+Fly rC+ Dex+4} (You found it on level 15 of a ziggurat)
 68625 | Zig:16   | Entered Level 16 of a ziggurat
 68746 | Zig:16   | Found the +10 dark maul {crush}
 68756 | Zig:16   | Got a heavily runed silver amulet
 68758 | Zig:16   | Identified the amulet "Zoidao Ystra" {Gourm rF++} (You found it on level 16 of a ziggurat)
 68773 | Zig:16   | Got a crude zirconium amulet
 68775 | Zig:16   | Identified the amulet "Ynaomij" {Acrobat Dex+3} (You found it on level 16 of a ziggurat)
 68784 | Zig:17   | Entered Level 17 of a ziggurat
 68872 | Zig:17   | Got a pitted shield
 68883 | Zig:17   | Identified the +0 shield of the Flute {Dex+7} (You acquired it on level 17 of a ziggurat)
 68895 | Zig:17   | Got a bloodstained hat
 68906 | Zig:17   | Identified the +0 hat "Foedupo" {*Drain MR- Str+6} (You acquired it on level 17 of a ziggurat)
 68970 | Zig:17   | Identified the Handbook of Assistive Attacks
 68985 | Zig:18   | Entered Level 18 of a ziggurat
 69019 | Zig:18   | Noticed a juggernaut
 69023 | Zig:18   | Noticed a juggernaut
 69031 | Zig:18   | Noticed a juggernaut
 69037 | Zig:18   | Killed a juggernaut
 69042 | Zig:18   | Noticed a juggernaut
 69057 | Zig:18   | Killed a juggernaut
 69060 | Zig:18   | Killed a juggernaut
 69060 | Zig:18   | Killed a juggernaut
 69301 | Zig:18   | Found the +2 shield of Resistance {rF+ rC+ MR+}
 69344 | Zig:18   | Identified the ring "Allonol" {rCorr Str+4 Int+6 Dex-3} (You found it on level 18 of a ziggurat)
 69361 | Zig:18   | Learned a level 9 spell: Fire Storm
 69394 | Zig:19   | Entered Level 19 of a ziggurat
 69409 | Zig:19   | Noticed a juggernaut
 69418 | Zig:19   | Noticed a juggernaut
 69429 | Zig:19   | Killed a juggernaut
 69437 | Zig:19   | Noticed a juggernaut
 69438 | Zig:19   | Killed a juggernaut
 69446 | Zig:19   | Noticed a juggernaut
 69458 | Zig:19   | Killed a juggernaut
 69466 | Zig:19   | Killed a juggernaut
 69749 | Zig:19   | Found the +1 cloak of Starlight {rElec rC+ EV+4 Stlth--}
 69781 | Zig:20   | Entered Level 20 of a ziggurat
 69815 | Zig:20   | Noticed Ikoykk the pandemonium lord
 69826 | Zig:20   | Reached skill level 10 in Conjurations
 69826 | Zig:20   | Reached skill level 10 in Fire Magic
 69831 | Zig:20   | Gained mutation: You are frail. (-10% HP) [a cacodemon]
 69833 | Zig:20   | Killed Ikoykk the pandemonium lord
 69885 | Zig:20   | Identified the Tome of the Noxious Birds
 69899 | Zig:20   | Identified the ring "Dofrookh" {rF- rC+ rN+ MR++ Dex-2} (You found it on level 20 of a ziggurat)
 69913 | Zig:21   | Entered Level 21 of a ziggurat
 70063 | Zig:21   | Found the ring of the Octopus King
 70066 | Zig:21   | Found the +18 shield of the Gong {rElec rN+ MR+ EV-5}
 70079 | Zig:21   | Identified the Compendium of the Virous Mountains
 70091 | Zig:21   | Identified a ring of the Octopus King {MP+9 AC+1 EV+1 Str+1 Int+1 Dex+1} (You found it on level 21 of a ziggurat)
 70114 | Zig:22   | Entered Level 22 of a ziggurat
 70154 | Zig:22   | Found the +3 robe of Clouds {+Fly rElec}
 70174 | Zig:22   | Noticed an ancient lich
 70175 | Zig:22   | Found the +7 Singing Sword
 70177 | Zig:22   | Killed an ancient lich
 70182 | Zig:22   | Reached skill level 24 in Invocations
 70205 | Zig:22   | Got a heavily runed copper ring
 70207 | Zig:22   | Identified the ring "Subb" {Fire Dex+3} (You found it on level 22 of a ziggurat)
 70222 | Zig:22   | Identified the Handbook of Aid
 70246 | Zig:22   | Learned a level 3 spell: Ozocubu's Armour
 70251 | Zig:23   | Entered Level 23 of a ziggurat
 70273 | Zig:23   | Noticed an ancient lich
 70275 | Zig:23   | Noticed an ancient lich
 70287 | Zig:23   | Killed an ancient lich
 70287 | Zig:23   | Killed an ancient lich
 70299 | Zig:23   | Noticed an ancient lich
 70299 | Zig:23   | Noticed an ancient lich
 70299 | Zig:23   | Noticed an ancient lich
 70299 | Zig:23   | Noticed an ancient lich
 70299 | Zig:23   | Noticed an ancient lich
 70299 | Zig:23   | Noticed an ancient lich
 70303 | Zig:23   | Killed an ancient lich
 70305 | Zig:23   | Killed an ancient lich
 70306 | Zig:23   | Killed an ancient lich
 70316 | Zig:23   | Killed an ancient lich
 70316 | Zig:23   | Killed an ancient lich
 70317 | Zig:23   | Killed an ancient lich
 70407 | Zig:23   | Found the +8 demon blade "Bloodbane" {slice, *Rage +Rage Stlth-}
 70437 | Zig:23   | Identified the Grimoire of Good Luck
 70452 | Zig:24   | Entered Level 24 of a ziggurat
 70507 | Zig:24   | Was placed under penance by the Shining One
 70518 | Zig:24   | HP: 8/201 [demonic crawler/exploding inner flame[the player character] (14)]
 70518 | Zig:24   | HP: 2/201 [jumping spider/exploding inner flame[the player character] (6)]
 70518 | Zig:24   | Engulfed by a cloud of flame

Vault maps used:
D:1:      minmay_arrival_split_and_join
D:2:      marbit_many_paths, first_ration, minmay_pentomino_z2
D:3:      cheibrodos_old_hovel
D:4:      kennysheep_little_box, minmay_temple_entry_fiery,
          grunt_dithmenos_smoke, uniq_pikel
D:5:      ebering_ghost_reflecting_pool, tgw_kikubaaqudgha
D:6:      nicolae_overflow_quartered_altars, serial_shops, shop
D:7:      uniq_prince_ribbit1
D:8:      cheibrodos_shockbox, nicolae_overflow_crystal_walls,
          kennysheep_mini_moat, minmay_lair_entry_lava,
          hangedman_little_slice_of_home
D:9:      david_orc_3
D:10:     serial_shops, shop
D:11:     gammafunk_ghost_split, basic_altar, nicolae_water_bricks, uniq_fannar
D:12:     uniq_harold, uniq_maurice
D:14:     grunt_vaults_entry_fortified, minmay_misc_feat_more_columns
D:15:     grunt_enter_depths_magical_seal, minmay_misc_feat_encased, uniq_agnes
Temple:   eino_temple_lava
Lair:1:   serial_bayou, serial_bayou_shore_a, serial_bayou_pond_e,
          serial_bayou_lake_a, serial_bayou_shore_b, serial_bayou_shore_b,
          grunt_megastairs_4, infiniplex_staircase_pool, serial_bayou_shore_b
Lair:2:   guppyfry_snake_entry_garden, minmay_lindwurm_lava
Lair:3:   dragon1_lemuel, beast_lair_carwin_5, uniq_urug, uniq_rupert
Lair:4:   elwin_shoals_entry_rooms, lab_entry_generic, serial_bayou_pond_d,
          lemuel_fruit_fields
Lair:5:   minmay_lair_oklob_chamber, serial_bayou_shore_b
Lair:6:   guppyfry_lair_end_dragon, hangedman_lair_caniforms_friends,
          nicolae_slime_entry_slimehenge, serial_bayou_pond_e, uniq_nessos
Shoals:2: nicolae_shoals_undead_eyrie, uniq_polyphemus, uniq_ilsuiw, uniq_kirke
Shoals:4: shoals_end_grunt_garden, serial_shops,
          nicolae_shop_temple_entry_statues_fountains,
          nicolae_shoals_stone_sculpture_thing
Snake:1:  hangedman_snake_thin_pillar_pass, minmay_shoptagon, lemuel_fruit_tree,
          uniq_aizul
Snake:2:  grunt_ministairs_4
Snake:3:  serial_shops, shop
Snake:4:  grunt_snake_rune_serpentine_throne, gammafunk_ghost_split,
          serial_shops, shop, hangedman_corner_corridor
Orc:1:    nicolae_orc_flooded_monolith, bloody_trog
Orc:2:    pubby_orc_utopia
Elf:1:    serial_shops, shop, nicolae_shop_crystal, minmay_elf_necromancy
Elf:2:    nicolae_trove_entry_columns
Elf:3:    grunt_elf_hall_asides, serial_shops, nicolae_shop_behind_doors,
          palyth_stone_intersect, minivault_5, minivault_23
Vaults:1: nicolae_vaults_triangles, ontoclasm_vaults_ring_small,
          grunt_vaults_swirl, vaults_standard_mumra_lines,
          ontoclasm_vaults_claustrophobia, v_alt_pattern_2, v_misc_11,
          ontoclasm_vaults_bender, vaults_room_grunt_arrival_ludios,
          ontoclasm_vaults_decontamination, vaults_room_pools,
          nicolae_vaults_asterisk
Vaults:2: vaults_room_fancy_cross, minmay_crypt_entry_necro_gods,
          vaults_room_grid, grunt_vaults_trifunnel,
          nicolae_vaults_circle_grid_a, nicolae_vaults_circle_grid_a,
          nicolae_vaults_asterisk, vaults_dpeg_ring, hangedman_vaults_maws,
          vaults_room_fours, serial_ice_g, serial_shops,
          nicolae_shop_behind_doors
Vaults:3: st_spiral_rooms, v_misc_31, ontoclasm_vaults_ligature,
          nicolae_vaults_three_branches, vaults_dpeg_cross,
          hangedman_vaults_trim, basic_altar, uniq_mennas
Vaults:4: gammafunk_vaults_ghost_spectres, dpeg_vaults_monster_box,
          nicolae_vaults_what_the_h, nicolae_vaults_c_with_doors,
          nicolae_vaults_yaktaur_gun_rack, grunt_vaults_twisty,
          nicolae_vaults_little_squares_5, nicolae_vaults_ninety_degrees,
          vaults_room_pool, v_misc_28, ontoclasm_vaults_loading_screen,
          vaults_room_large_hall, portal_desolation_entry_holy_temple,
          uniq_xtahua
Vaults:5: serial_shops, uniq_jory
Crypt:1:  uniq_margery
Crypt:3:  evilmike_haunted_forest
Depths:1: enter_ziggurat_c, hell_entry, pan_entry, kennysheep_decorative_pillar,
          abyss_entry_crystal, serial_shops,
          nicolae_shop_temple_entry_statues_fountains,
          eino_small_chamber_without_monster, minmay_protected_statue
Depths:2: four-leaf_vault, abyss_entry, corexii_leaking_fountain,
          grunt_pan_entry_in_and_out, hell_entry,
          kennysheep_nondecorative_pillar, infiniplex_staircase_zigzag_4
Depths:3: minmay_the_grid_triangle_9x9_rhombus_full_mashed,
          rand_demon_pan_entry_1, abyss_entry, hell_entry,
          infiniplex_staircase_pillars_1
Depths:4: hangedman_hanging_gardens, abyss_entry, rand_demon_pan_entry_8,
          serial_glass, glass_columns_b, glass_columns_a, hell_entry,
          infiniplex_staircase_zigzag_3, uniq_boris, uniq_saint_roka
Depths:5: hangedman_slaughterboxes, hell_entry
Abyss:4:  grunt_abyss_rune_forest_and_sorcery
Zig:7:    ziggurat_pillar_centre_oklobs
Zig:8:    ziggurat_pillar_centre_c
Zig:16:   ziggurat_pillar_centre_dead_trees
Zig:19:   ziggurat_pillar_centre_smoke
Lab:      labyrinth_watery, nicolae_lab_t_cross, nicolae_lab_plus,
          labyrinth_skeletal_remains, nicolae_lab_grate_2,
          nicolae_lab_very_dead_end

Skill      XL: |  1  2  3  4  5  6  7  8  9 10 11 12 13 14 15 16 17 18 19 20 21 22 23 24 25 26 27 |
---------------+----------------------------------------------------------------------------------+-----
Axes           | 3 4 5 7 8 9 10 11 12 13 15 16 17 20 | 20.0
Shields        | 4 5 6 7 8 10 11 13 14 15 | 15.1
Fighting       | 4 5 6 8 9 10 11 12 13 14 15 16 17 18 21 | 21.6
Invocations    | 4 7 9 10 11 12 13 14 16 17 18 19 20 24 | 24.5
Dodging        | 6 7 9 10 11 12 13 14 16 17 19 | 19.5
Translocations | 7 |  7.0
Charms         | 3 5 10 11 | 11.7
Air Magic      | 4 5 10 11 | 11.8
Evocations     | 6 8 10 | 10.3
Conjurations   | 2 5 7 14 | 14.7
Fire Magic     | 2 5 7 14 | 14.7
Stealth        | 3 9 11 14 16 | 16.5
Spellcasting   | 1 6 7 |  7.3
Earth Magic    | 7 11 | 11.7
Transmutations | 6 10 11 | 11.1
Throwing       | 18 | 18.5

Action                   |  1- 3 |  4- 6 |  7- 9 | 10-12 | 13-15 | 16-18 | 19-21 | 22-24 | 25-27 || total
-------------------------+-------+-------+-------+-------+-------+-------+-------+-------+-------++-------
Melee: War axe           |    55 |   107 |   200 |   497 |  1042 |  1090 |  1402 |  2209 |   163 ||  6765
       Tentacles         |     8 |    16 |    47 |   149 |   366 |   443 |   585 |   860 |   676 ||  3150
       Constrict         |    11 |    19 |    43 |    70 |   166 |   176 |   191 |   243 |   184 ||  1103
       Bite              |     1 |     5 |    30 |    82 |   209 |   291 |    42 |       |       ||   660
       Hand axe          |       |       |       |     3 |    20 |       |       |       |       ||    23
       Broad axe         |       |       |       |       |       |       |       |       |  1912 ||  1912
       Kick              |       |       |       |       |       |       |       |       |    99 ||    99
Throw: Javelin           |       |       |       |       |       |    48 |    29 |     1 |   126 ||   204
 Cast: Blink             |       |       |       |       |     5 |     3 |       |       |     4 ||    12
       Conjure Flame     |       |       |       |       |       |     1 |     1 |     1 |       ||     3
       Lesser Beckoning  |       |       |       |       |       |       |       |     4 |     5 ||     9
       Statue Form       |       |       |       |       |       |       |       |     3 |    15 ||    18
       Apportation       |       |       |       |       |       |       |       |       |     1 ||     1
       Swiftness         |       |       |       |       |       |       |       |       |     1 ||     1
       Deflect Missiles  |       |       |       |       |       |       |       |       |     5 ||     5
       Ozocubu's Armour  |       |       |       |       |       |       |       |       |     3 ||     3
       Portal Projectile |       |       |       |       |       |       |       |       |     1 ||     1
Invok: Divine Shield     |       |       |       |    18 |    27 |    21 |    20 |    17 |    45 ||   148
       Cleansing Flame   |       |       |       |       |     7 |    21 |    20 |    19 |    68 ||   135
       Summon Divine War |       |       |       |       |       |       |     1 |       |     7 ||     8
       Brand Weapon With |       |       |       |       |       |       |       |       |     1 ||     1
Evoke: Wand              |       |     1 |    13 |    17 |    26 |    17 |     3 |     2 |     5 ||    84
  Use: Potion            |     4 |     1 |     3 |     4 |     9 |     8 |     8 |     3 |    25 ||    65
       Scroll            |     7 |     6 |     9 |    20 |    13 |    15 |    17 |    14 |    49 ||   150
 Stab: Sleeping          |     6 |     7 |       |       |       |       |       |       |       ||    13
       Paralysed         |       |       |     3 |       |       |       |       |       |       ||     3
  Eat: Chunk             |       |     7 |     4 |    15 |    17 |     9 |     7 |     5 |    17 ||    81
       Ration            |       |       |     2 |     4 |     7 |     8 |    10 |    10 |    15 ||    56
Armor: Skin              |    17 |    34 |    27 |    43 |    51 |    54 |    28 |   114 |   183 ||   551
Dodge: Dodged            |    21 |    62 |    44 |   120 |   257 |   537 |   453 |   815 |  1491 ||  3800
       Deflected         |       |       |       |       |       |       |       |       |    53 ||    53
Block: Shield            |    24 |    57 |   134 |   430 |   887 |  1125 |  1114 |  1483 |  2663 ||  7917
       Reflection        |       |       |     1 |    16 |    18 |   116 |       |       |       ||   151
       Other             |       |       |       |       |       |       |       |       |     3 ||     3

Table legend:
 A = Spawn XP
 B = Non-spawn XP
 C = Spawn XP percentage of total XP
 D = Spawn monster count
 E = Non-spawn monster count
 F = Spawn count percentage of total count
 G = Total turns spent on level
                    A         B        C        D         E        F      G
               +---------+---------+-------+---------+---------+-------+---------
         Total |    5176 | 2365365 |   0.2 |       6 |    3271 |   0.2 | 70518
               +---------+---------+-------+---------+---------+-------+---------
           D:1 |       0 |      22 |   0.0 |       0 |      14 |   0.0 |   760
           D:2 |       0 |     170 |   0.0 |       0 |      31 |   0.0 |  1114
           D:3 |       0 |     238 |   0.0 |       0 |      24 |   0.0 |   991
           D:4 |       0 |    1513 |   0.0 |       0 |      23 |   0.0 |  1043
           D:5 |       0 |    1009 |   0.0 |       0 |      28 |   0.0 |  1409
           D:6 |       0 |     709 |   0.0 |       0 |      19 |   0.0 |   842
           D:7 |       0 |    1629 |   0.0 |       0 |      34 |   0.0 |   843
           D:8 |       0 |    3347 |   0.0 |       0 |      28 |   0.0 |  1420
           D:9 |       0 |    3024 |   0.0 |       0 |      43 |   0.0 |  1199
          D:10 |       0 |    1788 |   0.0 |       0 |      18 |   0.0 |  1008
          D:11 |       0 |   11596 |   0.0 |       0 |      34 |   0.0 |   965
          D:12 |       0 |    8470 |   0.0 |       0 |      31 |   0.0 |  1291
          D:13 |       0 |   10830 |   0.0 |       0 |      38 |   0.0 |   765
          D:14 |       0 |   21665 |   0.0 |       0 |      68 |   0.0 |  1663
          D:15 |       0 |   24020 |   0.0 |       0 |      40 |   0.0 |  1294
        Lair:1 |       0 |    1687 |   0.0 |       0 |      10 |   0.0 |  1482
        Lair:2 |       0 |    6763 |   0.0 |       0 |      19 |   0.0 |  1363
        Lair:3 |       0 |    7975 |   0.0 |       0 |      20 |   0.0 |  1271
        Lair:4 |       0 |    4791 |   0.0 |       0 |      20 |   0.0 |  1080
        Lair:5 |       0 |    9048 |   0.0 |       0 |      27 |   0.0 |  1550
        Lair:6 |       0 |   29739 |   0.0 |       0 |     129 |   0.0 |  3327
      Shoals:1 |       0 |   11060 |   0.0 |       0 |      21 |   0.0 |  1459
      Shoals:2 |       0 |   10902 |   0.0 |       0 |      24 |   0.0 |   479
      Shoals:3 |       0 |   10590 |   0.0 |       0 |      23 |   0.0 |   757
      Shoals:4 |       0 |   32349 |   0.0 |       0 |      58 |   0.0 |  1650
       Snake:1 |       0 |   21174 |   0.0 |       0 |      37 |   0.0 |  1138
       Snake:2 |       0 |   14565 |   0.0 |       0 |      28 |   0.0 |   585
       Snake:3 |       0 |   11550 |   0.0 |       0 |      21 |   0.0 |   819
       Snake:4 |       0 |   71851 |   0.0 |       0 |     119 |   0.0 |  1946
         Orc:1 |       0 |    1305 |   0.0 |       0 |      31 |   0.0 |   787
         Orc:2 |       0 |   21990 |   0.0 |       0 |     131 |   0.0 |  2724
         Elf:1 |       0 |   26520 |   0.0 |       0 |      48 |   0.0 |  1235
         Elf:2 |       0 |   46506 |   0.0 |       0 |      72 |   0.0 |  1392
         Elf:3 |       0 |   39581 |   0.0 |       0 |      42 |   0.0 |  1120
      Vaults:1 |       0 |   64288 |   0.0 |       0 |      88 |   0.0 |  2256
      Vaults:2 |       0 |   47408 |   0.0 |       0 |      69 |   0.0 |  2231
      Vaults:3 |       0 |   52666 |   0.0 |       0 |      76 |   0.0 |  1767
      Vaults:4 |       0 |  113463 |   0.0 |       0 |     143 |   0.0 |  2055
      Vaults:5 |       0 |  211565 |   0.0 |       0 |     184 |   0.0 |   996
       Crypt:1 |       0 |   44559 |   0.0 |       0 |      60 |   0.0 |  1394
       Crypt:2 |       0 |   18162 |   0.0 |       0 |      30 |   0.0 |   807
       Crypt:3 |       0 |   75740 |   0.0 |       0 |     114 |   0.0 |  2175
      Depths:1 |       0 |   42832 |   0.0 |       0 |      52 |   0.0 |  1135
      Depths:2 |       0 |   52822 |   0.0 |       0 |      58 |   0.0 |  1826
      Depths:3 |       0 |   94357 |   0.0 |       0 |      95 |   0.0 |  1725
      Depths:4 |       0 |   76438 |   0.0 |       0 |      84 |   0.0 |  1731
      Depths:5 |       0 |  140677 |   0.0 |       0 |      87 |   0.0 |  1873
       Abyss:2 |    4863 |    2602 |  65.1 |       5 |       6 |  45.5 |   221
       Abyss:4 |     313 |       0 | 100.0 |       1 |       0 | 100.0 |    14
         Zig:1 |       0 |    1801 |   0.0 |       0 |       1 |   0.0 |    53
         Zig:2 |       0 |    3221 |   0.0 |       0 |       2 |   0.0 |    64
         Zig:3 |       0 |    2648 |   0.0 |       0 |       5 |   0.0 |    42
         Zig:4 |       0 |    3345 |   0.0 |       0 |       8 |   0.0 |    30
         Zig:5 |       0 |    8271 |   0.0 |       0 |       7 |   0.0 |    85
         Zig:6 |       0 |    7088 |   0.0 |       0 |      10 |   0.0 |   119
         Zig:7 |       0 |   12392 |   0.0 |       0 |      14 |   0.0 |   168
         Zig:8 |       0 |   15668 |   0.0 |       0 |      10 |   0.0 |    74
         Zig:9 |       0 |   12409 |   0.0 |       0 |      15 |   0.0 |   118
        Zig:10 |       0 |   16719 |   0.0 |       0 |      16 |   0.0 |   100
        Zig:11 |       0 |   22942 |   0.0 |       0 |      20 |   0.0 |   390
        Zig:12 |       0 |   28397 |   0.0 |       0 |      20 |   0.0 |   316
        Zig:13 |       0 |   39870 |   0.0 |       0 |      21 |   0.0 |   126
        Zig:14 |       0 |   45159 |   0.0 |       0 |      23 |   0.0 |   122
        Zig:15 |       0 |   28919 |   0.0 |       0 |      25 |   0.0 |    80
        Zig:16 |       0 |   29865 |   0.0 |       0 |      38 |   0.0 |   159
        Zig:17 |       0 |   31979 |   0.0 |       0 |      42 |   0.0 |   201
        Zig:18 |       0 |   53155 |   0.0 |       0 |      48 |   0.0 |   409
        Zig:19 |       0 |   56638 |   0.0 |       0 |      61 |   0.0 |   387
        Zig:20 |       0 |   65445 |   0.0 |       0 |      47 |   0.0 |   132
        Zig:21 |       0 |   59941 |   0.0 |       0 |      49 |   0.0 |   201
        Zig:22 |       0 |   81676 |   0.0 |       0 |      48 |   0.0 |   137
        Zig:23 |       0 |  126894 |   0.0 |       0 |      47 |   0.0 |   201
        Zig:24 |       0 |   41305 |   0.0 |       0 |      74 |   0.0 |    66
           Lab |       0 |    2984 |   0.0 |       0 |       9 |   0.0 |   687
    Desolation |       0 |   59079 |   0.0 |       0 |     112 |   0.0 |  1001
               +---------+---------+-------+---------+---------+-------+---------
